 Dungeon Crawl Stone Soup version 0.18-a0-1692-g516f9e9 (webtiles) character file.

147498 4thArraOfDagon the Phalangite (level 17, -5/213 HPs)
             Began as a Merfolk Gladiator on Apr 5, 2016.
             Was the Champion of the Shining One.
             Slain by Asterion
             ... wielding a +2 broad axe of draining
              (10 damage)
             ... on level 1 of the Spider Nest.
             The game lasted 01:20:56 (14278 turns).

4thArraOfDagon the Phalangite (Merfolk Gladiator)  Turns: 14278, Time: 01:20:57

Health: -5/213     AC: 28    Str: 17    XL:     17   Next: 47%
Magic:  0/23       EV:  2    Int: 10    God:    the Shining One [******]
Gold:   1571       SH:  0    Dex: 21    Spells: 5 memorised, 12 levels left

rFire  . . .     SeeInvis .     E - +3 glaive (freeze)
rCold  + + .     Gourm    .     (armour currently unavailable)
rNeg   + + +     Faith    .     (shield currently unavailable)
rPois  +         Spirit   +     (helmet currently unavailable)
rElec  .         Dismiss  .     (cloak currently unavailable)
rCorr  .         Reflect  .     (gloves currently unavailable)
SustAt .         Harm     .     (boots currently unavailable)
MR     ++...     NoTele   +     W - amulet "Miytuoh" {Spirit rPois}
Stlth  +.........               v - ring of protection from cold
                                G - ring of Curiosity {rC+ MR+}

@: tree-form, glowing, very resistant to hostile enchantments, very unstealthy
A: (change form in water), (swift swim), (thin metallic scales 0), agile 1,
(shaggy fur 0), strong 1
a: Divine Shield, Cleansing Flame, Summon Divine Warrior, Renounce Religion


You were on level 1 of the Spider Nest.
You worshipped the Shining One.
The Shining One was exalted by your worship.
You were not hungry.
You were a tree.
You visited 5 branches of the dungeon, and saw 29 of its levels.
You visited the Abyss 2 times.
You also visited: Ice Cave.

You collected 3455 gold pieces.
You spent 1884 gold pieces at shops.

Inventory:

Hand Weapons
 o - a +1 glaive of flaming
 E - a +3 glaive of freezing (weapon)
 N - a +5 trishula of holy wrath
Armour
 c - a +1 helmet
 l - a +1 helmet of see invisible (melded)
 u - the +0 ring mail of Shadows and Fog (melded) {MR+ Regen+ Int+2}
   (You found it on level 11 of the Dungeon)

   It affects your intelligence (+2).
   It affects your resistance to hostile enchantments.
   It increases your rate of regeneration.
 y - a +2 cloak (melded)
 T - a +1 pair of boots (melded)
 V - the +2 plate armour "Cyrick" {+Blink rPois rC- rN++}
   (You bought it in a shop on level 2 of the Orcish Mines)

   It makes you vulnerable to cold.
   It protects you from poison.
   It greatly protects you from negative energy.
   It lets you blink.
Jewellery
 g - an uncursed ring of protection from cold
 v - a ring of protection from cold (right branch)
 D - the ring of the Eight Nights {Wiz *Corrode rF+ Dex+2}
   (You took it off a deep elf annihilator on level 3 of the Elven Halls)

   [ring of wizardry]

   It improves your spell success rate.
   It affects your dexterity (+2).
   It protects you from fire.
   It may corrode you when you take damage.
 G - the ring of Curiosity (left branch) {rC+ MR+}
   (You found it on level 4 of the Lair of Beasts)

   [ring of protection from magic]

   It protects you from cold.
   It affects your resistance to hostile enchantments.
 W - the amulet "Miytuoh" (around neck) {Spirit rPois}
   (You took it off a deep elf demonologist on level 3 of the Elven Halls)

   [amulet of guardian spirit]

   It causes incoming damage to be split between your health and magic.
   It protects you from poison.
 X - an uncursed ring of poison resistance
Wands
 a - a wand of paralysis (10/24)
 j - a wand of disintegration (15/24)
 k - a wand of enslavement (7/24)
 q - a wand of digging (1/24)
 r - a wand of polymorph (16/24)
 A - a wand of flame (14/48)
 M - a wand of iceblast (9/15)
 U - a wand of disintegration (5/24)
Scrolls
 d - 2 scrolls of enchant armour
 h - a scroll of amnesia
 n - 8 scrolls of remove curse
 s - a scroll of fear
 x - 2 scrolls of identify
 B - 2 scrolls of teleportation
 P - 4 scrolls of magic mapping
 Q - 2 scrolls of blinking
 R - 2 scrolls of recharging
Potions
 e - 4 potions of might
 i - a potion of curing
 w - a potion of lignification
 F - 4 potions of haste
 J - 2 potions of brilliance
 L - 2 potions of berserk rage
 S - a potion of flight {unknown}
Miscellaneous
 b - a plain deck of changes
 p - a plain deck of defence
 z - a plain deck of wonders
 I - a lamp of fire
 Y - a phial of floods
 Z - an ornate deck of defence
Comestibles
 f - 13 bread rations
 m - 10 beef jerkies
 t - 6 meat rations
 C - a slice of pizza


   Skills:
 + Level 15.0 Fighting
 * Level 24.6 Polearms
 - Level 2.0 Throwing
 + Level 17.7 Dodging
 - Level 3.7 Spellcasting
 - Level 6.1 Charms
 - Level 2.2 Translocations
 - Level 2.1 Air Magic
 - Level 9.0 Invocations
 - Level 8.1 Evocations


You had 12 spell levels left.
You knew the following spells:

 Your Spells              Type           Power        Failure   Level  Hunger
a - Apportation           Tloc           #.........   12%         1    #......
b - Blink                 Tloc           N/A          17%         2    ###....
c - Repel Missiles        Chrm/Air       ##....       10%         2    ###....
d - Swiftness             Chrm/Air       ##......     10%         2    ###....
e - Passage of Golubria   Tloc           N/A          91%         4    #####..


Dungeon Overview and Level Annotations

Branches:
Dungeon (15/15)            Temple (0/1) D:7            Lair (8/8) D:10
 Spider (1/4) Lair:3          Orc (2/2) D:12            Elf (3/3) Orc:2
  Swamp: Lair:3-6    Shoals: Lair:3-6     Slime: Lair:6-8    Vaults: D:13-14
 Depths: D:15

Altars:
Dithmenos
Elyvilon
The Shining One

Shops:
D:8 }[!   D:11 :   D:12 =   D:13 %   Orc:1 (   Orc:2 [*}?

Portals:
Pandemonium: Orc:2

Annotations:
D:4 Grinder
D:5 Eustachio
D:8 exclusion: downstairs
D:10 exclusion: obsidian statue
D:11 exclusion: orange crystal statue
D:15 Torro's ghost, journeyman DrFi
Spider:1 Asterion


Innate Abilities, Weirdness & Mutations

((You revert to your normal form in water.))
((You are very nimble and swift while swimming.))
((You are partially covered in thin metallic scales (AC +2).))
You are agile. (Dex +2)
((You are covered in fur (AC +1).))
Your muscles are strong. (Str +2)


Message History

The soldier ant twitches its antennae in your direction.
The spectral weapon hits you.
* * * LOW HITPOINT WARNING * * *
Unknown command.
Unknown command.
Unknown command.
Unknown command.
You slash Asterion! You freeze Asterion.
Asterion is severely wounded.
Asterion hits you with a broad axe of draining!
* * * LOW HITPOINT WARNING * * *
Asterion gores you but does no damage.
The spectral weapon hits you but does no damage.
Unknown command.
Unknown command.
Unknown command.
You slash Asterion! You freeze Asterion.
Asterion is severely wounded.
Asterion hits you with a broad axe of draining!
You die...

#### ##♣(### ###†#H..#
##### ...#.....## #.#^#
..#...#..†### ##...
.....a..#...### ##...##
##....#..#....###
#.....####..#..#.a......#
#..#...#^.^...#...#....#
####....#..#....†#..s.##...


You could see Asterion, a soldier ant and a spectral broad axe of draining.

Vanquished Creatures
  Rupert (Orc:2)
  2 deep elf blademasters (Elf:3)
  2 deep elf master archers (Elf:3)
  Frances (Spider:1)
  6 deep elf sorcerers
  A frost giant (IceCv)
  3 deep elf elementalists (Elf:3)
  A stone giant (Orc:1)
  5 deep elf demonologists (Elf:3)
  8 deep elf annihilators
  3 deep elf death magi
  2 dire elephants
  8 hydras
  2 catoblepae
  Erolcha (D:9)
  Erica (D:11)
  2 centaur warriors
  6 dancing weapons
  A deep troll shaman (Lair:8)
  A tengu warrior (D:13)
  4 death yaks
  Nergalle (D:11)
  A sun demon (Orc:2)
  3 orc high priests (Orc:2)
  11 deep elf knights
  A soul eater (Orc:2)
  A large abomination (Abyss:1)
  An unseen horror (D:15)
  A deep elf archer (Elf:2)
  3 orc knights (Orc:2)
  2 hill giants (D:11)
  5 wolf spiders
  32 deep elf magi
  4 orb spiders (Spider:1)
  A griffon (Lair:5)
  An orc sorcerer (Orc:2)
  2 sixfirhies
  3 ugly things
  11 elephants
  3 black mambas
  An ice statue (IceCv)
  2 smoke demons
  5 spiny frogs
  3 kobold demonologists
  A torpor snail (Spider:1)
  2 rime drakes
  3 demonic crawlers
  An ice devil (Orc:2)
  A tengu conjurer (D:13)
  7 komodo dragons
  A hellwing (Orc:2)
  7 trolls
  21 polar bears
  A red devil (Orc:2)
  9 jumping spiders
  14 blink frogs
  4 slime creatures (D:13)
  A giant leech (Lair:4)
  4 raiju (Abyss:2)
  2 two-headed ogres
  10 redbacks
  5 wraiths (Lair:8)
  2 shadows (D:12)
  8 tarantellas
  2 wyverns
  4 basilisks
  38 yaks
  5 chaos spawn (Abyss:4)
  7 vampire mosquitoes
  12 hippogriffs
  3 wargs
  11 soldier ants
  9 water moccasins
  4 porcupines
  2 sky beasts
  30 orc warriors
  2 black bears
  5 ice beasts
  A wasp (D:12)
  2 eyes of draining
  5 ogres
  34 wolves
  6 centaurs
  10 crocodiles
  5 big kobolds
  14 giant frogs
  2 earth elementals
  A wyvern zombie (D:9)
  A wyvern skeleton (D:9)
  2 scorpions
  6 killer bees (D:13)
  12 wights
  4 electric eels (Lair:4)
  3 howler monkeys
  3 jellies
  2 crimson imps
  A centaur zombie (D:7)
  2 quasits
  A giant frog skeleton (D:7)
  11 orc wizards
  17 orc priests
  A hound (D:10)
  An iron imp (Abyss:1)
  21 worker ants
  7 sheep (Lair:5)
  10 adders
  4 gnolls
  67 river rats
  3 shadow imps
  13 white imps
  An adder skeleton (D:4)
  A worm (D:2)
  A dart slug (D:2)
  3 giant geckos (D:8)
  82 orcs
  7 bats
  2 giant cockroaches
  A goblin (D:2)
  4 hobgoblins (D:2)
  20 jackals
  3 quokkas
  A giant gecko skeleton (D:6)
  A giant gecko zombie (D:8)
  13 kobolds
  2 quokka skeletons
  4 rats
  A butterfly (Lair:3)
  A plant (D:10)
817 creatures vanquished.

Vanquished Creatures (collateral kills)
  Saint Roka (Orc:2)
  A bone dragon (Abyss:4)
  3 orc high priests (Orc:2)
  An infernal demonspawn (Orc:2)
  2 orc knights (Orc:2)
  A torturous demonspawn (Orc:2)
  4 orc sorcerers (Orc:2)
  A sixfirhy (Orc:2)
  A polar bear (IceCv)
  2 chaos spawn (Abyss:4)
  5 orc warriors (Orc:2)
  An orc (Orc:2)
23 creatures vanquished.

Vanquished Creatures (others)
  Josephine (Lair:8)
  A polar bear (IceCv)
  A yak (IceCv)
  A wolf (IceCv)
  An adder (D:9)
  2 bushes (D:15)
  9 fungi
  10 plants
  14 starspawn tentacle segments (Abyss:3)
  12 toadstools (Lair:4)
52 creatures vanquished.

Grand Total: 892 creatures vanquished

Notes
Turn   | Place    | Note
--------------------------------------------------------------
     0 | D:1      | 4thArraOfDagon the Merfolk Gladiator began the quest for the Orb.
     0 | D:1      | Reached XP level 1. HP: 16/16 MP: 1/1
    74 | D:2      | Reached XP level 2. HP: 22/23 MP: 2/2
   241 | D:2      | Found a white marble altar of Elyvilon.
   257 | D:2      | Reached skill level 5 in Polearms
   281 | D:2      | Reached XP level 3. HP: 28/28 MP: 3/3
   343 | D:2      | Found a glowing golden altar of the Shining One.
   349 | D:2      | Became a worshipper of the Shining One
   510 | D:3      | Reached XP level 4. HP: 19/34 MP: 4/4
   672 | D:4      | Noticed an ogre
   676 | D:4      | Noticed an orc warrior
   676 | D:5      | Entered Level 5 of the Dungeon
   684 | D:5      | Reached skill level 5 in Dodging
   687 | D:5      | Noticed Eustachio
   706 | D:4      | You fall through a shaft!
   897 | D:6      | Reached skill level 6 in Polearms
   897 | D:6      | Reached XP level 5. HP: 24/41 MP: 3/5
   937 | D:6      | Noticed a centaur
   946 | D:6      | Killed a centaur
   957 | D:5      | Noticed an ice beast
   972 | D:5      | Killed an ice beast
   972 | D:5      | Reached skill level 7 in Polearms
   972 | D:5      | Reached XP level 6. HP: 11/48 MP: 3/6
  1016 | D:4      | Noticed Grinder
  1016 | D:4      | Reached * piety under the Shining One
  1122 | D:7      | Found a staircase to the Ecumenical Temple.
  1220 | D:7      | Reached skill level 8 in Polearms
  1227 | D:7      | Reached XP level 7. HP: 44/55 MP: 5/7
  1261 | D:8      | Found Ypreny's Gadget Boutique.
  1397 | D:8      | Found Xaytappo's Armour Shop.
  1697 | D:8      | Reached skill level 9 in Polearms
  1705 | D:8      | Noticed a wyvern
  1710 | D:8      | Reached skill level 5 in Fighting
  1718 | D:8      | Reached XP level 8. HP: 40/62 MP: 4/8
  1730 | D:8      | Reached skill level 10 in Polearms
  1810 | D:8      | Found a shadowy altar of Dithmenos.
  1828 | D:8      | Noticed a wyvern
  1847 | D:8      | Killed a wyvern
  2016 | D:8      | Found Uweuc's Distillery.
  2021 | D:8      | Bought a potion of might for 56 gold pieces
  2021 | D:8      | Bought a potion of might for 56 gold pieces
  2021 | D:8      | Bought a potion of heal wounds for 70 gold pieces
  2021 | D:8      | Bought a potion of degeneration for 14 gold pieces
  2093 | D:9      | Noticed Erolcha
  2125 | D:10     | Entered Level 10 of the Dungeon
  2147 | D:10     | Learned a level 1 spell: Apportation
  2148 | D:11     | Noticed Nergalle
  2225 | D:10     | Reached skill level 11 in Polearms
  2304 | D:10     | Noticed an obsidian statue
  2343 | D:10     | Found a staircase to the Lair.
  2391 | D:10     | Noticed a hill giant
  2391 | D:10     | Reached ** piety under the Shining One
  2432 | D:9      | Reached XP level 9. HP: 60/70 MP: 9/9
  2617 | D:9      | Cast into level 1 of the Abyss (Erolcha)
  2625 | Abyss:1  | Found a corrupted altar of Lugonu.
  2738 | Abyss:1  | Noticed a sixfirhy
  2745 | Abyss:1  | Killed a sixfirhy
  2745 | Abyss:1  | Reached skill level 12 in Polearms
  2758 | Abyss:1  | Noticed a smoke demon
  2771 | Abyss:1  | Killed a smoke demon
  2788 | Abyss:1  | Noticed a large abomination
  2808 | Abyss:1  | The Shining One protects you from harm!
  2810 | Abyss:1  | Killed a large abomination
  2810 | Abyss:1  | Reached skill level 13 in Polearms
  2826 | D:9      | Escaped the Abyss
  2845 | D:9      | Killed Erolcha
  2845 | D:9      | Reached skill level 5 in Invocations
  2845 | D:9      | Reached XP level 10. HP: 41/80 MP: 4/13
  2980 | D:9      | Reached skill level 10 in Dodging
  3206 | D:10     | Noticed a red ugly thing
  3235 | D:10     | Killed a red ugly thing
  3235 | D:10     | Reached skill level 14 in Polearms
  3268 | D:10     | Gained mutation: You are agile. (Dex +2) [mutagenic meat]
  3269 | D:10     | Gained mutation: You are covered in fur (AC +1). [mutagenic meat]
  3270 | D:10     | Gained mutation: You are dopey. (Int -2) [mutagenic meat]
  3359 | D:11     | Reached *** piety under the Shining One
  3433 | D:11     | Noticed an orange crystal statue
  3494 | D:11     | Got a heavily runed ring mail
  3524 | D:10     | Identified the cursed +0 ring mail of Shadows and Fog {MR+ Regen+ Int+2} (You found it on level 11 of the Dungeon)
  3814 | D:11     | Noticed a hill giant
  3840 | D:12     | Noticed a kobold demonologist
  3841 | D:12     | Noticed a kobold demonologist
  3846 | D:12     | Found Qobiuh's Jewellery Shoppe.
  3917 | D:13     | Learned a level 2 spell: Blink
  3920 | D:13     | Learned a level 2 spell: Repel Missiles
  3949 | D:14     | Noticed a centaur warrior
  3970 | D:14     | Killed a centaur warrior
  3970 | D:14     | Reached XP level 11. HP: 65/87 MP: 12/16
  3980 | D:15     | Entered Level 15 of the Dungeon
  3980 | D:15     | Reached **** piety under the Shining One
  3980 | D:15     | Noticed an ogre mage
  3980 | D:15     | Noticed a hill giant
  3980 | D:15     | Noticed Torro's ghost (journeyman DrFi)
  3999 | D:14     | Noticed a hill giant
  4140 | D:13     | Reached skill level 15 in Polearms
  4267 | D:13     | Noticed a tengu warrior
  4329 | D:13     | Killed a tengu warrior
  4504 | D:13     | Noticed a centaur warrior
  4522 | D:13     | Killed a centaur warrior
  4683 | D:13     | Found Wyxkilut's Food Emporium.
  4755 | D:14     | Noticed a tengu warrior
  4885 | D:15     | Noticed an ogre mage
  4887 | D:15     | Noticed a rakshasa
  4901 | D:15     | Noticed an unseen horror
  4908 | D:15     | Killed an unseen horror
  4908 | D:15     | Reached skill level 16 in Polearms
  5105 | D:14     | Reached ***** piety under the Shining One
  5379 | D:12     | Reached XP level 12. HP: 97/97 MP: 18/18
  5436 | D:12     | Noticed a four-headed hydra
  5463 | D:12     | Killed a four-headed hydra
  5463 | D:12     | Reached skill level 10 in Fighting
  5542 | D:11     | Found Dimofi Mera's Book Emporium.
  5600 | D:12     | Reached skill level 17 in Polearms
  5644 | D:12     | Found a shadowy altar of Dithmenos.
  5670 | D:12     | Found a staircase to the Orcish Mines.
  5732 | D:11     | Noticed Erica
  5744 | D:11     | Killed Erica
  5794 | Orc:1    | Entered Level 1 of the Orcish Mines
  5918 | Orc:2    | Entered Level 2 of the Orcish Mines
  5926 | Orc:2    | Noticed Saint Roka
  6073 | Orc:2    | Found a staircase to the Elven Halls.
  6417 | Orc:2    | Noticed Rupert
  6435 | Orc:2    | Killed Rupert
  6435 | Orc:2    | Reached skill level 18 in Polearms
  6465 | Orc:1    | Found Qieguaw's Weapon Boutique.
  6465 | Orc:1    | Noticed a stone giant
  6475 | Orc:1    | Killed a stone giant
  6490 | Orc:1    | Found a frozen archway.
  6542 | IceCv    | Entered an ice cave
  6553 | IceCv    | Reached XP level 13. HP: 99/106 MP: 17/19
  6660 | IceCv    | Learned a level 2 spell: Swiftness
  6771 | IceCv    | Reached skill level 19 in Polearms
  6917 | IceCv    | Reached skill level 1 in Evocations
  7038 | IceCv    | Noticed a frost giant
  7050 | IceCv    | Killed a frost giant
  7305 | Orc:2    | Found Mosegicon's Magic Scroll Shoppe.
  7407 | Orc:2    | Found Ogief's General Store.
  7478 | Orc:2    | Bought a scroll of fog for 30 gold pieces
  7478 | Orc:2    | Bought a scroll of magic mapping for 52 gold pieces
  7478 | Orc:2    | Bought a scroll of blinking for 112 gold pieces
  7478 | Orc:2    | Bought a scroll of recharging for 142 gold pieces
  7478 | Orc:2    | Bought a scroll of teleportation for 45 gold pieces
  7478 | Orc:2    | Bought a scroll of blinking for 112 gold pieces
  7478 | Orc:2    | Bought a scroll of recharging for 142 gold pieces
  7478 | Orc:2    | Bought a scroll of teleportation for 45 gold pieces
  7480 | Orc:2    | Bought a scroll of identify for 28 gold pieces
  7482 | Orc:2    | Gained mutation: Your muscles are strong. (Str +2) [potion of mutation]
  7482 | Orc:2    | Lost mutation: You are dopey. (Int -2) [potion of mutation]
  7482 | Orc:2    | Gained mutation: You are partially covered in thin metallic scales (AC +2). [potion of mutation]
  7652 | Orc:2    | Killed Saint Roka
  7652 | Orc:2    | Reached skill level 20 in Polearms
  7776 | Orc:2    | Reached XP level 14. HP: 85/115 MP: 17/20
  7860 | Orc:2    | Found Tenolex's Antique Armour Boutique.
  7860 | Orc:2    | Found Reucay's Gadget Shop.
  7860 | Orc:2    | Found a one-way gate leading to the halls of Pandemonium.
  8131 | Elf:1    | Entered Level 1 of the Elven Halls
  8247 | Elf:1    | Reached ****** piety under the Shining One
  8413 | Elf:1    | Noticed a deep elf sorcerer
  8422 | Elf:1    | Noticed a deep elf annihilator
  8425 | Elf:1    | Killed a deep elf sorcerer
  8425 | Elf:1    | Reached skill level 15 in Dodging
  8425 | Elf:1    | Reached skill level 5 in Evocations
  8566 | Elf:1    | Identified an uncursed trishula of holy wrath {god gift} (a demon trident of draining blessed by the Shining One)
  8566 | Elf:1    | Received a gift from the Shining One
  8616 | Orc:2    | Bought a spiked plate armour for 980 gold pieces
  8627 | Orc:2    | Identified the +2 plate armour "Cyrick" {+Blink rPois rC- rN++} (You bought it in a shop on level 2 of the Orcish Mines)
  8753 | D:11     | Killed Nergalle
  8753 | D:11     | Reached skill level 21 in Polearms
  8899 | Lair:1   | Entered Level 1 of the Lair of Beasts
  9173 | Lair:2   | You fall through a shaft!
  9206 | Lair:3   | Found a hole to the Spider Nest.
  9729 | Lair:7   | Reached XP level 15. HP: 118/123 MP: 21/21
  9949 | Lair:8   | Entered Level 8 of the Lair of Beasts
  9994 | Lair:8   | Noticed Josephine
 10001 | Lair:8   | Reached skill level 22 in Polearms
 10016 | Lair:8   | Killed Josephine
 10085 | Lair:8   | Got a smoking leather armour
 11079 | Lair:4   | Got an ancient leather armour
 11198 | Lair:3   | Identified the cursed +0 leather armour of Egalitarianism {Dex+9} (You found it on level 8 of the Lair of Beasts)
 11209 | Lair:3   | Identified the +1 leather armour of the Pleiades {rElec Int+4 Stlth+} (You found it on level 4 of the Lair of Beasts)
 11297 | Spider:1 | Entered Level 1 of the Spider Nest
 11318 | Lair:3   | NO ARMOR
 11689 | Elf:1    | Reached skill level 1 in Charms
 11697 | Elf:1    | Reached skill level 23 in Polearms
 11706 | Elf:1    | Reached skill level 1 in Air Magic
 11706 | Elf:1    | Reached XP level 16. HP: 132/132 MP: 22/22
 11722 | Elf:1    | Reached skill level 1 in Spellcasting
 11739 | Elf:1    | Reached skill level 1 in Translocations
 11846 | Elf:1    | NO STAIRS
 12175 | Elf:3    | Entered Level 3 of the Elven Halls
 12246 | Elf:3    | Noticed a deep elf blademaster
 12258 | Elf:3    | Killed a deep elf blademaster
 12278 | Elf:3    | Noticed a deep elf master archer
 12301 | Elf:3    | Killed a deep elf master archer
 12302 | Elf:3    | Noticed a deep elf blademaster
 12600 | Elf:3    | Reached skill level 5 in Charms
 12615 | Elf:3    | Got a shimmering emerald amulet
 12617 | Elf:3    | Identified the amulet "Miytuoh" {Spirit rPois} (You took it off a deep elf demonologist on level 3 of the Elven Halls)
 12631 | Elf:3    | WHAAAT
 12632 | Elf:3    | Noticed a deep elf master archer
 12636 | Elf:3    | Killed a deep elf blademaster
 12649 | Elf:3    | Killed a deep elf master archer
 12890 | Elf:3    | Got a shimmering tin ring
 12898 | Elf:3    | Identified the ring of the Eight Nights {Wiz *Corrode rF+ Dex+2} (You took it off a deep elf annihilator on level 3 of the Elven Halls)
 12950 | Elf:3    | Reached XP level 17. HP: 136/140 MP: 23/23
 13002 | Elf:3    | Cast into level 2 of the Abyss (a deep elf sorcerer)
 13058 | Abyss:2  | HP: 5/140 [raiju/living lightning (15)]
 13080 | Abyss:3  | HP: 5/140 [burnt (3)]
 13136 | Abyss:3  | Noticed a tentacled starspawn
 13147 | Abyss:4  | Noticed a bone dragon
 13164 | Abyss:4  | Killed a bone dragon
 13164 | Abyss:4  | Reached skill level 24 in Polearms
 13221 | Elf:3    | Escaped the Abyss
 13388 | Elf:3    | :(
 13393 | Elf:3    | no armor
 13393 | Elf:3    | rip
 13398 | Elf:3    | Learned a level 4 spell: Passage of Golubria
 13819 | Lair:4   | Got a sparkling jade ring
 13820 | Lair:4   | Identified the ring of Curiosity {rC+ MR+} (You found it on level 4 of the Lair of Beasts)
 13839 | Lair:3   | +0 ring mail
 13839 | Lair:3   | RIP
 14011 | Spider:1 | Noticed Frances
 14042 | Spider:1 | Killed Frances
 14203 | Spider:1 | Reached skill level 15 in Fighting
 14249 | Spider:1 | Noticed Asterion
 14277 | Spider:1 | HP: 5/213 [Asterion/broad axe of draining (10)]
 14278 | Spider:1 | Slain by Asterion

Vault maps used:
D:1:      co_arrival_random_square_maze
D:2:      old_standard_altar, nicolae_tso_carved_into_rock
D:3:      first_bread
D:4:      uniq_grinder, uniq_sigmund, uniq_robin
D:5:      nemelex_diamond_rough_becter, uniq_eustachio
D:6:      nicolae_gozag_seed_capital, abandoned_shop
D:7:      minmay_temple_entry_purple_smoke
D:8:      old_standard_altar, minitemple, serial_shops, shop, shop,
          nicolae_shop_waterfront, grunt_ogre_cave, dk_rats_in_the_wall
D:9:      uniq_erolcha
D:10:     minmay_statue_hallways, dpeg_oklobed_lair
D:11:     serial_shops, shop, minmay_protected_statue, uniq_erica, uniq_nergalle
D:12:     orc_0_dummy, basic_altar, serial_shops, shop
D:13:     hangedman_vaults_entry_quadrant_bands, serial_shops, shop,
          minmay_tree_intersection, small_statue_intersection
D:14:     minivault_25
D:15:     grunt_enter_depths_hoard, minmay_hedge_maze, uniq_sonja
Lair:1:   lemuel_fruit_tree, infiniplex_staircase_pool_2, grunt_megastairs_5
Lair:3:   dragon1_lemuel, spider_nest_entry_a, lemuel_fruit_fields,
          lemuel_fruit_fields
Lair:4:   gammafunk_lair_enchanted_lake, minmay_swamp_entry_worms, bh_chokoban,
          nicolae_quartered_pool_little
Lair:5:   uniq_snorg
Lair:6:   dpeg_slime_entry_corner
Lair:7:   grunt_megastairs_3
Lair:8:   grunt_lair_end_beastmaster, infiniplex_staircase_pool,
          grunt_megastairs_2, serial_bayou_shore_b, uniq_josephine
Spider:1: zaba_anthell, uniq_frances, uniq_asterion
Orc:1:    serial_shops, shop, portal_ice_cave_entry_imps
Orc:2:    pf_orc_diabolical, uniq_rupert, uniq_saint_roka
Elf:1:    elf_arrival_002, serial_sigils, serial_sigils_hangedman_gut,
          serial_sigils_hangedman_gnaw, serial_sigils_hangedman_quiver,
          serial_sigils_hangedman_shear, serial_sigils_hangedman_etch,
          serial_sigils_hangedman_stare, hangedman_elf_represent
Elf:2:    basic_stair_grate_trap
Elf:3:    elf_hall, nicolae_elf_big_sculpture_2
Abyss:2:  eino_small_chamber_without_monster, evilmike_abyss_exit_vortex
Abyss:3:  hangedman_abyss_rune_flesh_and_stone, evilmike_abyss_exit_mutagenic
Abyss:4:  evilmike_abyss_exit_chaos, grunt_abyss_rune_the_horror,
          hangedman_abyss_shoalhut
IceCv:    ice_cave_caverns_02

Skill      XL: |  1  2  3  4  5  6  7  8  9 10 11 12 13 14 15 16 17 |
---------------+----------------------------------------------------+-----
Polearms       | 5 6 7 8 9 11 13 14 16 18 20 21 23 24 | 24.6
Dodging        | 5 6 7 8 9 10 11 13 14 15 16 17 | 17.7
Fighting       | 3 4 5 6 7 8 9 11 12 13 14 15 | 15.0
Invocations    | 5 7 9 |  9.0
Evocations     | 3 6 8 |  8.1
Charms         | 1 6 |  6.1
Air Magic      | 1 2 |  2.1
Spellcasting   | 3 |  3.7
Translocations | 2 |  2.2
Throwing       | |  2.0

Action                   |  1- 3 |  4- 6 |  7- 9 | 10-12 | 13-15 | 16-18 || total
-------------------------+-------+-------+-------+-------+-------+-------++-------
Melee: Trident           |   121 |   113 |   282 |   464 |       |       ||   980
       Halberd           |       |       |       |   477 |   227 |       ||   704
       Glaive            |       |       |       |       |  1065 |   407 ||  1472
       Trishula          |       |       |       |       |    27 |   160 ||   187
Throw: Throwing net      |     4 |     3 |     4 |     1 |       |       ||    12
 Cast: Repel Missiles    |       |       |       |       |       |     2 ||     2
Invok: Divine Shield     |       |       |       |     4 |     6 |     6 ||    16
       Summon Divine War |       |       |       |     1 |     3 |     1 ||     5
       Cleansing Flame   |       |       |       |       |     1 |     1 ||     2
       Brand Weapon With |       |       |       |       |     1 |       ||     1
Evoke: Wand              |       |       |     6 |    14 |     3 |     7 ||    30
       Phial of floods   |       |       |       |       |       |     1 ||     1
       Phantom mirror    |       |       |       |       |       |     1 ||     1
  Use: Potion            |       |     1 |     4 |     5 |     1 |     7 ||    18
       Scroll            |       |       |     9 |     7 |     8 |    11 ||    35
 Stab: Sleeping          |     1 |       |       |       |     1 |       ||     2
       Held in net/web   |       |     1 |     3 |       |       |       ||     4
       Distracted        |       |       |       |     1 |       |       ||     1
       Petrified         |       |       |       |       |     8 |       ||     8
       Petrifying        |       |       |       |       |     1 |       ||     1
  Eat: Chunk             |       |     1 |     5 |    12 |    18 |     5 ||    41
       Pizza             |       |       |     1 |       |       |     1 ||     2
       Meat ration       |       |       |       |     1 |       |       ||     1
       Royal jelly       |       |       |       |       |     1 |       ||     1
       Fruit             |       |       |       |       |       |     6 ||     6
